 Dungeon Crawl Stone Soup version 0.31-a0-523-g071a6c1ffa (webtiles) character file.

Game seed: 10202147421280589171

515 mopl the Ruffian (level 7, -2/39 HPs)
             Began as an Octopode Shapeshifter on Aug 11, 2023.
             Splashed by a jelly's acid (4 damage)
             ... on level 4 of the Dungeon.
             The game lasted 00:03:47 (2631 turns).

mopl the Ruffian (Octopode Shapeshifter)            Turns: 2631, Time: 00:03:47

Health: -2/39      AC:  1    Str: 15    XL:     7   Next: 20%
Magic:  7/7        EV: 14    Int: 10    God:
Gold:   42         SH:  0    Dex: 14    Spells: 6/6 levels left

rFire   . .          .
                       - Unarmed
rCold   . . .        (shield currently unavailable)
rNeg    + . .        (helmet restricted)
rPois   .            (no amulet)
rElec   .            j - ring of positive energy
rCorr   .            (no ring)
SInv    .            (no ring)
Will    .....        (no ring)
Stlth   +            (no ring)
HPRegen 0.26/turn    (no ring)
MPRegen 0.10/turn    (no ring)
                     (no ring)

%: no passive effects
@: flux-form, glowing
A: glow, contaminating, reduced hp, almost no armour, amphibious, 8 rings,
camouflage 1, gelatinous body 1, (nimble swimmer 1), tentacles
a: Begin Untransformation


You were on level 4 of the Dungeon.
You were something dangerously unstable.
You visited 1 branch of the dungeon, and saw 4 of its levels.

You collected 269 gold pieces.
You spent 227 gold pieces at shops.

Inventory:

Missiles
 t - 6 atropa-tipped darts
Armour
 s - a +0 buckler of reflection
Jewellery
 j - a ring of positive energy (left tentacle)
Talismans
 b - a beast talisman
 c - a flux talisman (active)
Wands
 v - a wand of polymorph (7)
Scrolls
 d - 3 scrolls of identify
 e - a scroll of enchant weapon {unknown}
 f - a scroll of silence {unknown}
 g - a scroll of teleportation {unknown}
 k - 2 scrolls of enchant armour {unknown}
 l - a scroll of poison
 m - a scroll of blinking
 n - a scroll of butterflies {unknown}
 o - a scroll of immolation {unknown}
 u - 2 scrolls of amnesia {unknown}
Potions
 a - a potion of lignification {!q}
 h - a potion of enlightenment {unknown}
 i - a potion of curing {unknown}
 p - a potion of brilliance
 q - a potion of haste {unknown}
 r - a potion of heal wounds {unknown}
 w - a potion of attraction {unknown}


   Skills:
 + Level 2.9 Fighting
 + Level 3.4 Dodging
 * Level 5.2 Unarmed Combat
 * Level 4.6 Shapeshifting


You had 6 spell levels left.
You didn't know any spells.
Your spell library contained the following spells:

 Spells                   Type           Power      Damage    Failure   Level
 Call Canine Familiar     Summ           0%         N/A       75%         3
 Portal Projectile        Hex/Tloc       0%         N/A       75%         3
 Leda's Liquefaction      Hex/Erth       0%         N/A       98%         4


Dungeon Overview and Level Annotations

Branches:
Dungeon (4/15)
 Temple: D:4-7

Altars:
Ashenzari
Kikubaaqudgha

Shops:
D:3 *


Innate Abilities, Weirdness & Mutations

You are something dangerously unstable.
You glow with magical radiation, making you easy to see and hit.
Foes you strike become dangerously contaminated with magical radiation.
Your maximum health is decreased, since you lack skill for your form.
You are incapable of wielding weapons or throwing items.
You cannot wear most types of armour.
You are amphibious.
You can wear up to eight rings at the same time.
Your skin changes colour to match your surroundings (Stealth+).
Your rubbery body absorbs attacks. (AC +1, EV +1)
((You are camouflaged when in or above water. (Stealth+)))
You have tentacles for arms and can constrict up to eight enemies at once.


Message History

You hear a distant slurping noise.
There is an open door here.
There is an open door here.
A jelly is nearby!
The jelly quivers.
You tentacle-slap the jelly.
The jelly begins to glow.
Your tentacles burn!
You squeeze the jelly.
The jelly is lightly wounded.
The jelly hits you.
You are splashed with acid.
You tentacle-slap the jelly but do no damage.
The jelly glows dangerously bright.
Your tentacles burn!
You squeeze the jelly, but do no damage.
The jelly is lightly wounded.
The jelly closely misses you.
You tentacle-slap the jelly.
The jelly shudders as magic cascades through it.
The jelly twists and deforms.
Your tentacles burn!
The jelly is moderately wounded.
The jelly hits you.
You are splashed with acid!
You are too injured to fight recklessly!
You are too injured to fight recklessly!
You tentacle-slap the jelly.
The jelly begins to glow.
Your tentacles burn!
You squeeze the jelly!
The jelly is heavily wounded.
The jelly hits you but does no damage.
You tentacle-slap the jelly but do no damage.
The jelly glows dangerously bright.
Your tentacles burn!
* * * LOW HITPOINT WARNING * * *
The jelly is heavily wounded.
You tentacle-slap the jelly.
The jelly shudders as magic cascades through it.
The jelly twists and deforms.
Your tentacles burn!
* * * LOW HITPOINT WARNING * * *
The jelly is almost dead.
The jelly hits you.
* * * LOW HITPOINT WARNING * * *
You are splashed with acid.
* * * LOW HITPOINT WARNING * * *
You tentacle-slap the jelly.
The jelly begins to glow.
Your tentacles burn!
You die...

............)...#................
.....###.###....#................
.##..#.....#.#..####.##.####.####
###..#.###.#.#######.##.####.####
#...#.....#.....................
#...#.###.#.........♣♣.♣........
#...#...†.#........♣.P.P♣.......
#...###.###.......♣♣P.P♣♣♣......
#..............B..♣♣....♣♣......
#..............J..♣.♣..♣.♣......
#.................♣PP.PPP♣......
##.........##.##.## ♣♣ ♣♣.####..
############.##.###♣♣♣♣#'####..
#.............#...........
#.............#...........
#.............+...........
##...##..#...##.....###+##


You could see a jelly (contam, misshapen).

Vanquished Creatures
  An ogre (D:4)
  Blork the orc (D:4)
  A scorpion (D:4)
  A sleepcap (D:4)
  4 hounds (D:4)
  An iguana (D:4)
  3 gnolls
  3 adders
  3 dart slugs
  3 orcs
  5 bats
  3 endoplasms
  8 giant cockroaches
  4 goblins
  5 hobgoblins
  6 jackals
  4 kobolds
  4 quokkas
  8 ball pythons
  2 frilled lizards (D:1)
  2 rats (D:2)
72 creatures vanquished.

Notes
Turn   | Place    | Note
-------+----------+-------------------------------------------
     0 | D:1      | mopl the Octopode Shapeshifter began the quest for the Orb.
     0 | D:1      | Reached XP level 1. HP: 13/13 MP: 1/1
    43 | D:1      | Found a faded altar of an unknown god.
   113 | D:1      | Reached XP level 2. HP: 11/18 MP: 2/2
   365 | D:1      | Reached XP level 3. HP: 16/23 MP: 3/3
   590 | D:2      | Identified the +1 leather armour of the Storm King {+Blink
                  | rElec MP+9}
   683 | D:2      | Identified the +3 scale mail "Piniefeu" {Harm rF+++ Dex+3
                  | Slay-3}
   884 | D:3      | Found a broken altar of Ashenzari.
   890 | D:3      | Found Boec's General Store.
   897 | D:3      | Reached XP level 4. HP: 21/29 MP: 4/4
  1032 | D:3      | Bought a scroll of poison for 52 gold pieces
  1032 | D:3      | Bought a scroll of identify for 26 gold pieces
  1032 | D:3      | Bought a scroll of blinking for 97 gold pieces
  1565 | D:3      | Bought a potion of brilliance for 52 gold pieces
  1628 | D:4      | Noticed a scorpion
  1641 | D:4      | Killed a scorpion
  1642 | D:4      | Reached skill level 2 in Fighting
  1642 | D:4      | Reached skill level 4 in Unarmed Combat
  1642 | D:4      | Reached XP level 5. HP: 14/34 MP: 5/5
  1800 | D:4      | Found an ancient bone altar of Kikubaaqudgha.
  1807 | D:4      | HP: 1/27 [sleepcap (20)]
  1810 | D:4      | Reached skill level 4 in Shapeshifting
  1866 | D:4      | Reached XP level 6. HP: 12/40 MP: 6/6
  1963 | D:4      | Reached skill level 3 in Dodging
  2220 | D:4      | Reached skill level 5 in Unarmed Combat
  2306 | D:4      | Noticed Blork the orc
  2311 | D:4      | Killed Blork the orc
  2312 | D:4      | Reached XP level 7. HP: 25/45 MP: 7/7
  2631 | D:4      | Splashed by a jelly's acid

Illustrated notes

Levels and vault maps discovered:
D:1:      lemuel_arrival_cross, layout_rooms,
          dreamdust_ecumenical_altar_angels_and_demons, minmay_ruptured
D:2:      layout_rooms, skrybe_limestone_x
D:3:      layout_basic, ashenzari_conservatory_becter, serial_shops, shop
D:4:      layout_gridville, mainiacjoe_overflow_boulevard,
          grunt_nemelex_the_gamble, serial_forest, infiniplex_forest_end_2,
          infiniplex_forest_clump_double, infiniplex_forest_corner_1,
          infiniplex_forest_split, infiniplex_forest_straight_2,
          infiniplex_forest_zigzag_1, minmay_checkerbox, uniq_blork_the_orc

Skill      XL: |  1  2  3  4  5  6 |
---------------+-------------------+-----
Fighting       | 2 |  2.9
Unarmed Combat | 4 5 |  5.2
Shapeshifting  | 4 |  4.6
Dodging        | 3 |  3.4

Action                     |  1- 3 |  4- 6 |  7- 9 || total
---------------------------+-------+-------+-------++-------
  Melee: Unarmed           |    70 |    78 |    16 ||   164
         Constrict         |    29 |    26 |     4 ||    59
         Tentacles         |    21 |    23 |     8 ||    52
   Stab: Distracted        |       |       |     1 ||     1
 Armour: Skin              |     6 |     4 |     1 ||    11
  Dodge: Dodged            |    54 |    38 |     7 ||    99
   Form: Flux              |     1 |       |       ||     1

Table legend: (Time is in decaauts)
 A = Elapsed time spent in this place.
 B = Non-inter-level travel time spent in this place.
 C = Inter-level travel time spent in this place.
 D = Time resting spent in this place.
 E = Time spent auto-exploring this place.
 F = Levels seen in this place.
 G = Mean time per level.
                   A        B        C        D        E       F      G
               +--------+--------+--------+--------+--------+-----+--------+
         Total |   2619 |   2559 |     60 |    537 |   1549 |   4 |  654.8 |
       Dungeon |   2619 |   2559 |     60 |    537 |   1549 |   4 |  654.8 |
               +--------+--------+--------+--------+--------+-----+--------+

Top non-repeatable levels by time:
     D:4: 1053 daAuts
     D:3: 622 daAuts
     D:1: 490 daAuts
     D:2: 452 daAuts
